Map: Acid Plant LE

Players

axu - Winner!

  • Race: Protoss Protoss
  • League: Platinum
  • Spawn Location: 5:00

Pinehas

  • Race: Terran Terran
  • League: Diamond
  • Spawn Location: 11:00

VOD

Have the link to the VOD?

Description

Time

  • Played on: March 9, 2018, 10:22 a.m.
  • Length: 15:29
Show
View Real Time Build Order
Export as new Build Order

axu Protoss - Winner!

Build Orders: 1 Gate Expand, Oracle Opening 

Get SALT Encoding   

  12  0:01  Probe  
  13  0:13  Probe  
  14  0:20  Pylon  
  14  0:27  Probe  
  15  0:39  Probe  
  16  0:44  Gateway  
  16  0:51  Probe  
  16  0:55  Assimilator  
  17  1:03  Probe  
  18  1:16  Probe (Chrono Boost)  
  20  1:26  Probe (Chrono Boost)  
  20  1:35  Nexus  
  20  1:50  Cybernetics Core  
  20  1:51  Probe (Chrono Boost)  
  20  1:52  Assimilator  
  21  1:57  Pylon  
  21  2:05  Probe (Chrono Boost)  
  22  2:14  Probe  
  23  2:26  Probe  
  23  2:27  Stargate  
  23  2:29  Adept  
  26  2:30  Warp Gate  
  26  2:38  Probe  
  27  2:49  Gateway  
  27  2:51  Gateway  
  27  2:54  Probe  
  27  2:56  Probe  
  29  3:10  Oracle (Chrono Boost)  
  29  3:11  Adept  
  31  3:16  Probe x2  
  36  3:28  Probe x2  
  36  3:30  Pylon  
  38  3:49  Probe x2  
  40  4:01  Probe x2  
  42  4:05  Stalker x2  
  42  4:06  Stalker  
  46  4:13  Probe x2  
  46  4:14  Shield Battery  
  48  4:19  Assimilator  
  48  4:23  Assimilator  
  48  4:25  Probe  
  48  4:26  Probe  
  47  4:37  Pylon  
  47  4:38  Probe x2  
  49  4:50  Probe x2  
  51  4:57  Stalker x3  
  57  5:02  Probe, Pylon  
  57  5:03  Nexus  
  57  5:04  Pylon  
  57  5:06  Twilight Council  
  58  5:13  Probe  
  60  5:14  Probe  
  60  5:17  Pylon  
  60  5:20  Pylon  
  60  5:44  Probe x2  
  60  5:45  Stalker  
  60  5:46  Stalker x2  
  60  5:48  Gateway  
  68  5:51  Gateway  
  68  5:58  Probe x2  
  68  6:03  Robotics Facility  
  70  6:10  Probe x2  
  72  6:15  Probe  
  73  6:22  Probe x2  
  73  6:24  Stalker x3  
  73  6:25  Blink (Chrono Boost)  
  81  6:33  Forge  
  81  6:35  Forge  
  81  6:43  Probe x3  
  81  6:45  Templar Archives  
  84  6:48  Stalker x3  
  90  6:55  Probe x3  
  90  6:59  Assimilator  
  93  7:03  Assimilator  
  93  7:04  Stalker x2  
  93  7:05  Pylon  
  93  7:07  Probe x2, Pylon  
  93  7:08  Probe  
  100  7:19  Probe  
  100  7:20  Observer (Chrono Boost), Probe  
  103  7:33  Probe x3  
  103  7:34  Immortal (Chrono Boost)  
  110  7:45  Shield Battery, Probe x2  
  110  7:47  Shield Battery  
  110  7:49  Shield Battery  
  111  7:52  Photon Cannon  
  111  7:54  Photon Cannon  
  92  8:24  Pylon  
  91  8:30  Observer  
  90  8:47  Probe x3  
  93  8:53  Pylon  
  93  8:58  Photon Cannon  
  93  8:59  Probe x3  
  96  9:03  Pylon  
  96  9:08  Psionic Storm  
  96  9:11  Probe, Charge  
  97  9:37  Gateway  
  97  9:38  Gateway  
  95  9:42  Gateway  
  73  10:42  Stalker  
  73  10:43  Stalker x4  
  81  10:50  Protoss Ground Weapons Level 1, Protoss Ground Armor Level 1  
  81  10:51  Pylon  
  81  10:55  Immortal  
  81  10:59  Photon Cannon  
  81  11:01  Photon Cannon  
  81  11:02  Shield Battery  
  81  11:13  High Templar  
  81  11:14  High Templar x4  
  81  11:17  High Templar  
  81  11:18  High Templar x2  
  95  11:20  Nexus  
  95  11:24  Archon x3, Pylon  
  95  11:25  Archon  
  97  11:27  Pylon  
  97  11:30  Pylon  
  97  11:34  Observer  
  98  11:45  Fleet Beacon  
  98  11:52  High Templar x2  
  98  11:53  High Templar x6  
  114  11:55  Observer  
  114  11:56  Archon  
  114  11:57  Archon x3  
  115  12:03  Robotics Facility  
  115  12:23  Observer  
  115  12:27  Photon Cannon  
  115  12:29  Photon Cannon  
  116  12:33  Photon Cannon  
  116  12:35  High Templar x4, Photon Cannon  
  116  12:36  High Templar x2  
  128  12:37  High Templar x2  
  128  12:38  Photon Cannon  
  128  12:40  Archon x3, Photon Cannon  
  128  12:41  Archon  
  128  12:43  Photon Cannon  
  132  13:00  Assimilator  
  132  13:03  Assimilator  
  112  13:20  Warp Prism  
  112  13:22  Zealot x4  
  112  13:23  Zealot x4  
  111  14:55  Zealot x4  
  111  14:56  Zealot x4  
  125  15:05  Gateway  
  125  15:06  Gateway  
  123  15:09  Gateway  
  123  15:11  Gateway x2  
  119  15:14  Gateway  
  119  15:19  Gateway  
Show
View Real Time Build Order
Export as new Build Order

Pinehas Terran 

Build Orders: Mech 

Get SALT Encoding   

  12  0:00  SCV  
  13  0:13  SCV  
  14  0:18  Supply Depot  
  14  0:25  SCV  
  14  0:28  Refinery  
  15  0:39  SCV  
  16  0:46  Barracks  
  16  0:51  SCV  
  17  1:03  SCV  
  18  1:15  SCV  
  19  1:28  SCV  
  20  1:38  Command Center  
  20  1:41  Marine  
  21  1:53  Factory  
  21  2:05  Orbital Command  
  21  2:14  Supply Depot  
  21  2:21  Barracks Reactor  
  21  2:25  Refinery  
  21  2:32  SCV  
  22  2:42  Hellion  
  22  2:44  SCV  
  25  2:56  SCV  
  25  3:07  Starport  
  25  3:08  SCV  
  25  3:10  Orbital Command  
  26  3:21  SCV  
  26  3:24  Hellion x2  
  31  3:28  Barracks Tech Lab  
  31  3:33  SCV  
  32  3:46  SCV  
  32  3:50  Widow Mine x2  
  32  3:52  Marine  
  32  3:53  Engineering Bay  
  32  3:54  Viking  
  38  4:05  SCV x2  
  40  4:17  SCV  
  40  4:22  SCV  
  42  4:29  SCV  
  42  4:34  SCV  
  43  4:39  Missile Turret  
  43  4:41  SCV  
  44  4:49  Widow Mine  
  46  5:00  Supply Depot  
  46  5:04  Cloaking Field  
  46  5:07  Hi-Sec Auto Tracking  
  46  5:13  Missile Turret  
  46  5:22  Widow Mine, Banshee, SCV x2  
  53  5:34  SCV  
  53  5:35  Missile Turret  
  54  5:37  Factory  
  54  5:39  SCV  
  53  5:42  Hellion  
  53  5:49  Armory  
  53  5:50  Supply Depot  
  53  5:51  SCV  
  54  5:59  Refinery  
  54  6:02  Refinery  
  54  6:03  Missile Turret  
  54  6:04  Supply Depot  
  54  6:12  Hellion, Banshee, SCV x2  
  54  6:16  Command Center  
  61  6:21  Factory Tech Lab  
  61  6:24  SCV  
  62  6:26  Hellion  
  62  6:30  Factory  
  64  6:39  Factory  
  64  6:40  SCV x2  
  66  6:51  Missile Turret  
  66  6:52  SCV x2  
  68  6:54  Supply Depot  
  68  7:04  SCV  
  68  7:07  Terran Vehicle Weapons Level 1  
  69  7:10  Starport  
  69  7:13  Fusion Core  
  69  7:15  Siege Tank, SCV  
  70  7:16  SCV  
  70  7:22  Factory Tech Lab  
  74  7:25  Supply Depot  
  74  7:27  SCV  
  74  7:28  SCV  
  74  7:29  Missile Turret  
  76  7:30  Hellion  
  78  7:39  SCV  
  78  7:43  SCV  
  80  7:47  Siege Tank  
  80  7:50  Missile Turret  
  84  7:51  SCV  
  84  7:55  SCV  
  83  7:59  Factory Tech Lab  
  83  8:01  Hellion x2  
  83  8:05  Siege Tank, Orbital Command  
  93  8:20  Siege Tank  
  93  8:26  Siege Tank  
  96  8:37  Siege Tank  
  99  8:42  Hellion  
  99  8:47  Supply Depot  
  101  9:09  Siege Tank, Hellion x2  
  108  9:12  Supply Depot  
  108  9:15  Advanced Ballistics  
  108  9:17  Starport Reactor  
  108  9:22  Orbital Command  
  108  9:28  Supply Depot  
  108  9:33  Supply Depot  
  108  9:34  Siege Tank, Hellion x2  
  108  9:35  Supply Depot, Terran Ship Weapons Level 1  
  115  9:38  Armory  
  113  9:51  Supply Depot  
  113  9:56  Supply Depot, SCV x3, Hellion x2  
  118  10:05  Liberator  
  118  10:06  Liberator  
  109  10:08  SCV  
  109  10:12  Siege Tank x3  
  107  10:17  Hellion x2  
  107  10:20  Supply Depot  
  101  10:48  Missile Turret, Liberator  
  99  10:54  Factory  
  99  10:57  Factory  
  99  11:00  Hellion x2  
  99  11:01  Infernal Pre-Igniter  
  103  11:04  Supply Depot  
  103  11:09  Missile Turret  
  103  11:10  Command Center  
  106  11:11  Terran Vehicle Weapons Level 2  
  106  11:12  Liberator  
  106  11:14  SCV x3  
  106  11:17  Refinery  
  109  11:19  Refinery  
  109  11:21  Hellion  
  109  11:22  Hellion  
  113  11:26  SCV  
  113  11:29  Missile Turret  
  117  11:43  Hellion x2  
  121  11:50  Missile Turret  
  121  11:54  Sensor Tower  
  121  11:58  Siege Tank  
  121  11:59  Siege Tank, Marine  
  128  12:04  Hellion x2  
  132  12:11  Terran Ship Weapons Level 2  
  132  12:20  Factory Reactor x2  
  132  12:25  Liberator x2  
  132  12:26  Hellion x2  
  132  12:29  Supply Depot  
  136  12:31  Supply Depot  
  136  12:34  Supply Depot  
  136  12:40  Raven  
  144  12:47  Hellion x2  
  148  12:52  Supply Depot  
  145  13:08  Hellion x2  
  127  13:16  Hellion  
  127  13:17  Hellion x3  
  115  13:20  Siege Tank  
  115  13:21  Siege Tank  
  115  13:23  Siege Tank  
  123  13:30  Hellion x2  
  94  13:51  Hellion x2  
  94  13:55  Siege Tank  
  77  14:12  Hellion  
  67  14:20  Liberator x2  
  67  14:22  Hellion  
  62  14:27  Siege Tank  
  63  14:34  Hellion  
  71  14:44  Hellion  
  71  14:55  Hellion  
  74  15:05  Hellion  
Tags
 
Add a new tag
Caveats
  • Supply blocks, unpowered buildings, or Contaminate may cause inaccurate times.
  • Supply counts are checked every 10 seconds.